 Dungeon Crawl Stone Soup version 0.30-a0-509-gd016549fea (webtiles) character file.

Game seed: 14737809828000188391

429 oldriver the Sneak (level 6, 0/56 HPs)
             Began as a Naga Artificer on Dec 23, 2022.
             Splashed by a jelly's acid (4 damage)
             ... on level 5 of the Dungeon.
             The game lasted 00:07:01 (4048 turns).

oldriver the Sneak (Naga Artificer)                 Turns: 4048, Time: 00:07:02

Health: 0/56       AC: -16   Str: 14    XL:     6   Next: 98%
Magic:  6/6        EV:  9    Int: 12    God:
Gold:   1209       SH:  0    Dex: 13    Spells: 5/5 levels left

rFire   . . .      SeeInvis +    x - +1 dagger (vamp)
rCold   . . .      Faith    .    (no shield)
rNeg    . . .      Spirit   .    b - +0 leather armour
rPois   +          Reflect  .    (no helmet)
rElec   .          Harm     .    (no cloak)
rCorr   .          Rampage  .    (no gloves)
Will    .....                    (no barding)
Stlth   +++.......               k - amulet of regeneration
HPRegen 1.09/turn                (no ring)
MPRegen 0.10/turn                (no ring)

@: short of breath, corroded, very slow
A: AC +2, large, see invisible, deformed body, poison resistance, slowness 2,
spit poison 1, naga tail 1
a: Spit Poison


You were on level 5 of the Dungeon.
You visited 1 branch of the dungeon, and saw 5 of its levels.

You collected 1321 gold pieces.
You spent 112 gold pieces at shops.

Inventory:

Hand Weapons
 f - a +1 short sword of venom
 x - a +1 vampiric dagger (weapon)
Armour
 b - a +0 leather armour (worn)
Jewellery
 h - a ring of magical power
 k - an amulet of regeneration (around neck)
 y - a ring of magical power
Wands
 c - a wand of flame (14)
 d - a wand of charming (14)
 e - a wand of iceblast (4)
Scrolls
 m - a scroll of poison
 v - a scroll of fog {unknown}
 z - a scroll of teleportation
Potions
 a - a potion of ambrosia {unknown}
 g - 2 potions of magic {unknown}
 i - a potion of might {unknown}
 j - a potion of cancellation {unknown}
 l - 2 potions of resistance
 n - a potion of heal wounds
 o - 2 potions of curing {unknown}
 p - a potion of flight {unknown}
 q - a potion of invisibility {unknown}
 r - a potion of mutation {unknown}
 s - 2 potions of degeneration {unknown}
 t - 2 potions of berserk rage {unknown}
 u - 3 potions of lignification {unknown}
 w - a potion of experience {unknown}


   Skills:
 + Level 3.4 Fighting
 * Level 4.1 Short Blades
 - Level 1.5 Armour
 - Level 0.7 Dodging
 + Level 6.6 Stealth
 - Level 3.0 Evocations


You had 5 spell levels left.
You didn't know any spells.
Your spell library contained the following spells:

 Spells                   Type           Power      Damage    Failure   Level
 Animate Dead             Necr           0%         N/A       99%         4
 Haunt                    Necr/Summ      0%         N/A       100%        7
 Infestation              Necr           0%         N/A       100%        8


Dungeon Overview and Level Annotations

Branches:
Dungeon (5/15)
 Temple: D:4-7

Altars:
Cheibriados

Shops:
D:1 *   D:5 =

Annotations:
D:2 Natasha
D:4 2 runed translucent doors, 2 transporters, Iich's ghost, amateur MiFi


Innate Abilities, Weirdness & Mutations

Your serpentine skin is tough. (AC +2)
You have supernaturally acute eyesight. (SInv)
Armour fits poorly on your strangely shaped body.
Your system is resistant to poisons. (rPois)
You cover ground very slowly.
You can spit poison.
You have a snake-like lower body.


Message History

A jelly is nearby!
A jelly is nearby!
Aiming: Spit Poison (1% risk of failure)
Press: ? - help, Shift-Dir - straight line, f - jelly
Aim: a jelly (wandering, hasn't noticed you, 100% to hit)
The splash of poison hits the jelly.
The jelly is lightly wounded.
The jelly quivers.
Okay, then.
You hit the jelly. The acid corrodes you!
Your hands burn!
The jelly is heavily wounded.
The jelly hits you. The acid corrodes you!
You are splashed with acid!
You hit the jelly but do no damage.
Your hands burn!
The jelly is heavily wounded.
You have got your breath back.
You hit the jelly but do no damage.
Your hands burn!
The jelly is heavily wounded.
The jelly closely misses you.
You hit the jelly but do no damage. The acid corrodes you!
Your hands burn!
The jelly is heavily wounded.
The jelly hits you.
You are splashed with acid!
You hit the jelly.
You feel better.
Your hands burn!
The jelly is heavily wounded.
The jelly hits you. The acid corrodes you!
You are splashed with acid!
Aiming: Spit Poison (1% risk of failure)
Press: ? - help, Shift-Dir - straight line, f/p - jelly
Aim: a jelly (heavily wounded, 100% to hit)
The splash of poison hits the jelly.
The jelly completely resists.
The jelly is heavily wounded.
The jelly hits you. The acid corrodes you!
You are splashed with acid.
Unknown command.
You hit the jelly.
You feel better.
Your hands burn!
* * * LOW HITPOINT WARNING * * *
The jelly is severely wounded.
The jelly hits you.
* * * LOW HITPOINT WARNING * * *
The acid corrodes you!
You are splashed with acid!
* * * LOW HITPOINT WARNING * * *
You hit the jelly but do no damage. The acid corrodes you!
Your hands burn!
You die...

###bb.bb##
###...<.########
.................
####.............
#.............
##.............
#..............
................ #
..#....J@####### #
..##.###..# ## .
##.##### #.
#.....# ##.
#####.## #.. #..#
#.#
#######.########..
.................#
##.........#####.#


You could see a jelly.

Vanquished Creatures
  2 howler monkeys (D:4)
  2 hounds (D:4)
  2 orc priests (D:5)
  2 iguanas
  An orc wizard (D:5)
  Natasha (D:2)
  4 adders
  2 worms
  2 dart slugs
  3 orcs
  8 ball pythons
  5 endoplasms
  4 giant cockroaches
  5 goblins
  10 hobgoblins
  3 jackals
  5 quokkas
  5 bats
  8 frilled lizards
  7 kobolds
  8 rats
89 creatures vanquished.

Vanquished Creatures (others)
  An orc (D:5)
  4 plants (D:2)
5 creatures vanquished.

Grand Total: 94 creatures vanquished

Notes
Turn   | Place    | Note
-------+----------+-------------------------------------------
     0 | D:1      | oldriver the Naga Artificer began the quest for the Orb.
     0 | D:1      | Reached XP level 1. HP: 18/18 MP: 1/1
    59 | D:1      | Reached skill level 2 in Stealth
   248 | D:1      | Reached XP level 2. HP: 17/25 MP: 2/2
   396 | D:1      | Reached skill level 3 in Stealth
   672 | D:1      | Reached skill level 1 in Short Blades
   672 | D:1      | Reached XP level 3. HP: 29/31 MP: 3/3
   805 | D:1      | Found Besu's Assorted Antiques.
   868 | D:1      | Bought a scroll labelled HUWULEO PUGU for 23 gold pieces
   868 | D:1      | Bought a lumpy green potion for 20 gold pieces
   868 | D:1      | Bought a scroll labelled QYOTSU OTIN NUMP for 23 gold
                  | pieces
   869 | D:1      | Identified a scroll of acquirement
   869 | D:1      | Acquired 1100 gold pieces
  1382 | D:1      | Bought a scroll labelled YFAYFA OHOTECK for 23 gold pieces
  1382 | D:1      | Bought a scroll labelled TEMEICK IXUS for 23 gold pieces
  1450 | D:2      | Reached skill level 4 in Stealth
  1573 | D:2      | Noticed Natasha
  1591 | D:2      | Killed Natasha
  1592 | D:2      | Reached XP level 4. HP: 4/39 MP: 4/4
  1719 | D:2      | Found a faded altar of an unknown god.
  1889 | D:2      | Noticed Natasha
  2428 | D:3      | Found a snail-covered altar of Cheibriados.
  2515 | D:3      | Reached skill level 5 in Stealth
  2716 | D:3      | Reached XP level 5. HP: 46/46 MP: 5/5
  2909 | D:4      | Found the +7 staff of the Meek {protect, meekguard}
  2974 | D:4      | Reached XP level 6. HP: 22/55 MP: 6/6
  3116 | D:4      | Found a large runed translucent door.
  3119 | D:4      | Found a large runed translucent door.
  3199 | D:4      | Identified the +10 great mace of Mutilation {vorpal, Str+6}
  3200 | D:4      | Noticed Iich's ghost (amateur MiFi)
  3201 | D:4      | Found a transporter.
  3201 | D:4      | Found a transporter.
  3369 | D:4      | Reached skill level 6 in Stealth
  3734 | D:5      | Entered Level 5 of the Dungeon
  3789 | D:5      | Found Opett's Jewellery Emporium.
  4048 | D:5      | Splashed by a jelly's acid

Illustrated notes

Levels and vault maps discovered:
D:1:      matt_arrival_spirals, layout_basic, serial_shops,
          nicolae_shop_behind_doors, minmay_hexomino_c4
D:2:      layout_basic, dilly_ecumenical_altar_fadedgnrine, uniq_natasha
D:3:      minmay_angry_zag, layout_basic, mainiacjoe_overflow_brackets
D:4:      layout_basic, jmf_multi_god_temple2, gammafunk_ghost_smash,
          st_stairs_4
D:5:      layout_rooms, lightli_temple_of_fire, serial_shops,
          nicolae_shop_trees, shop, nicolae_square_shop, st_stairs_5

Skill      XL: |  1  2  3  4  5  6 |
---------------+-------------------+-----
Stealth        | 2 3 4 5 6 |  6.6
Short Blades   | 1 2 3 4 |  4.1
Fighting       | 2 3 |  3.4
Armour         | |  1.5
Dodging        | |  0.7
Evocations     | |  3.0

Action                   |  1- 3 |  4- 6 || total
-------------------------+-------+-------++-------
Melee: Dagger            |    82 |   180 ||   262
       Club              |     1 |       ||     1
       Punch             |       |     2 ||     2
 Abil: Spit Poison       |    35 |    51 ||    86
Evoke: Wand              |     1 |     4 ||     5
  Use: Scroll            |     7 |     5 ||    12
       Potion            |       |     2 ||     2
 Stab: Sleeping          |     1 |     1 ||     2
Armor: Leather armour    |    18 |    39 ||    57
Dodge: Dodged            |    54 |    82 ||   136

Table legend: (Time is in decaauts)
 A = Elapsed time spent in this place.
 B = Non-inter-level travel time spent in this place.
 C = Inter-level travel time spent in this place.
 D = Time resting spent in this place.
 E = Time spent auto-exploring this place.
 F = Levels seen in this place.
 G = Mean time per level.
                   A        B        C        D        E       F      G
               +--------+--------+--------+--------+--------+-----+--------+
         Total |   5104 |   4900 |    204 |    594 |   3368 |   5 | 1020.8 |
       Dungeon |   5104 |   4900 |    204 |    594 |   3368 |   5 | 1020.8 |
               +--------+--------+--------+--------+--------+-----+--------+

Top non-repeatable levels by time:
     D:1: 1836 daAuts
     D:4: 1170 daAuts
     D:2: 1054 daAuts
     D:3: 689 daAuts
     D:5: 352 daAuts
